 Dungeon Crawl Stone Soup version 0.27-a0-562-g0d39f094a4 (webtiles) character file.

Game seed: 5757332485825121070

12390 porpoise the Basher (level 11, -20/92 HPs)
             Began as a Minotaur Delver on Mar 9, 2021.
             Was a Priest of the Shining One.
             Killed from afar by Frances (40 damage)
             ... with a shard of ice
             ... on level 12 of the Dungeon.
             The game lasted 00:52:57 (14157 turns).

porpoise the Basher (Minotaur Delver)              Turns: 14157, Time: 00:52:58

Health: -20/92     AC: 19    Str: 20    XL:     11   Next: 61%
Magic:  14/14      EV: 13    Int:  7    God:    the Shining One [***...]
Gold:   889        SH: 20    Dex: 12    Spells: 8/10 levels left

rFire    . . .     SeeInvis .   a - +2 morningstar (protect)
rCold    . . .     Faith    +   x - +1 kite shield
rNeg     + . .     Spirit   .   i - +0 chain mail
rPois    +         Reflect  .   (helmet restricted)
rElec    .         Harm     .   P - +1 cloak {rPois}
rCorr    .         Rampage  .   (no gloves)
Will     .....                  (no boots)
Stlth    ..........             q - amulet of faith
HPRegen  0.25/turn              S - +4 ring of evasion
MPRegen  0.14/turn              (no ring)

@: divinely shielded, protection aura, glowing
A: horns 2, retaliatory headbutt
a: Renounce Religion, Divine Shield


You were on level 12 of the Dungeon.
You worshipped the Shining One.
The Shining One was most pleased with you.
You visited 2 branches of the dungeon, and saw 13 of its levels.
You also visited: Bailey.

You collected 1252 gold pieces.
You spent 363 gold pieces at shops.

Inventory:

Hand Weapons
 a - a +2 morningstar of protection (weapon)
 b - a +2 hunting sling of freezing
 u - the +5 trident of Evolution {venom, rC+}
   (You found it on level 6 of the Dungeon)

   It poisons the flesh of those it strikes.
   It protects you from cold.
 O - the +10 zealot's sword {holy, *Rage rN+ EV+3}
   (You found it in a bailey)

   It has been blessed by the Shining One to cause great damage to the undead
   and demons.
   It affects your evasion (+3).
   It protects you from negative energy.
   It may make you go berserk in combat.
 Q - a +1 hunting sling
 T - a +0 hand crossbow
Missiles
 j - 86 poisoned darts (quivered)
 k - 51 boomerangs
 l - 278 stones
 p - 58 sling bullets
 y - 169 bolts
Armour
 f - +1 steam dragon scales
 i - a +0 chain mail (worn)
 x - a +1 kite shield (worn)
 P - a +1 cloak of poison resistance (worn)
 W - a +0 troll leather armour
 Y - a scarf of repulsion
Jewellery
 q - an amulet of faith (around neck)
 s - a ring of fire
 A - a ring of ice
 G - an amulet of the acrobat
 S - a +4 ring of evasion (left hand)
Wands
 g - a wand of digging (1)
 F - a wand of flame (18)
 I - a wand of random effects (8)
 U - a wand of acid (9)
Scrolls
 c - 3 scrolls of fog
 d - a scroll of magic mapping
 e - 3 scrolls of fear
 h - a scroll of noise {unknown}
 n - 5 scrolls of teleportation
 o - a scroll of enchant weapon
 t - 3 scrolls of enchant armour
 v - a scroll of blinking
 E - a scroll of torment {unknown}
 H - 2 scrolls of immolation
 L - a scroll of silence {unknown}
 M - a scroll of acquirement {unknown}
 R - a scroll of holy word {unknown}
 V - a scroll of random uselessness {unknown}
Potions
 m - a potion of heal wounds
 r - 2 potions of lignification
 w - a potion of curing
 z - 3 potions of attraction
 B - a potion of degeneration {unknown}
 C - 2 potions of might {unknown}
 J - 2 potions of resistance {unknown}
 K - 2 potions of invisibility {unknown}
 Z - a potion of cancellation {unknown}
Miscellaneous
 N - a lightning rod (1/4)


   Skills:
 - Level 7.0 Fighting
 - Level 14.0 Maces & Flails
 - Level 7.0 Armour
 + Level 8.6 Dodging
 - Level 4.1 Stealth
 - Level 7.0 Shields
 + Level 6.4 Invocations
 - Level 3.0 Evocations


You had 8 spell levels left.
You knew the following spells:

 Your Spells              Type           Power      Damage    Failure   Level
k - Blink                 Tloc           N/A        N/A       100%        2

Your spell library contained the following spells:

 Spells                   Type           Power      Damage    Failure   Level
 Animate Skeleton         Necr           0%         N/A       100%        1
 Magic Dart               Conj           0%         1d3       100%        1
 Pain                     Necr           0%         1d4       100%        1
 Call Imp                 Summ           0%         N/A       100%        2
 Poisonous Vapours        Pois/Air       0%         N/A       100%        2
 Searing Ray              Conj           0%         3d3       100%        2
 Slow                     Hex            0%         N/A       100%        2
 Conjure Flame            Conj/Fire      0%         6-21      100%        3
 Dazzling Flash           Conj/Hex       0%         N/A       100%        3
 Mephitic Cloud           Conj/Pois/Air  0%         N/A       100%        3
 Vampiric Draining        Necr           0%         2d6       100%        3
 Animate Dead             Necr           0%         N/A       100%        4
 Fulminant Prism          Conj/Hex       0%         3d6       100%        4
 Iskenderun's Mystic Bla  Conj/Tloc      0%         2d3       100%        4
 Agony                    Necr           0%         N/A       100%        5
 Freezing Cloud           Conj/Ice/Air   0%         6-21      100%        6


Dungeon Overview and Level Annotations

Branches:
Dungeon (12/15)            Temple (1/1) D:5            Lair (0/6) D:9
    Orc (0/2) D:12         Bailey (visited)

Altars:
Ashenzari
Cheibriados
Dithmenos
Elyvilon
Fedhas
Gozag
Hepliaklqana
Kikubaaqudgha
Makhleb
Nemelex Xobeh
Okawaru
Qazlal
Ru
Sif Muna
Trog
Uskayaw
Vehumet
Wu Jian
Xom
Yredelemnul
Zin
The Shining One

Shops:
D:10 (   D:11 (

Annotations:
D:10 3 runed translucent doors-Wraiths, coolguy69's ghost, journeyman HOFi
D:12 Frances


Innate Abilities, Weirdness & Mutations

You have a pair of horns on your head.
You reflexively headbutt those who attack you in melee.


Message History

Frances mutters in a terrible tongue.
You block the iron shot.
You hit Frances. You headbutt Frances, but do no damage.
Frances is severely wounded.
Frances mutters a nigh-unspeakable word.
Frances closely misses you. You furiously retaliate!
You headbutt Frances, but do no damage.
The ynoxinul gestures.
You sock Frances!
Frances is almost dead.
You block Frances's attack.
You puncture Frances!
Frances is almost dead.
Frances hits you with a +0 mace.
* * * LOW HITPOINT WARNING * * *
The ynoxinul gestures.
You hit Frances.
Frances is almost dead.
Frances mutters in a terrible tongue.
You block Frances's attack.
You hit Frances. You headbutt Frances, but do no damage.
Frances is almost dead.
You block Frances's attack. You block the ice devil's attack.
Your chain mail prevents you from hitting Frances.
You headbutt Frances, but do no damage.
Frances is almost dead.
Frances misses you. You block the ice devil's attack.
You barely miss Frances. Your headbutt misses Frances.
Frances is almost dead.
Frances runs a finger over her scar.
Frances hits you with a +0 mace.
* * * LOW HITPOINT WARNING * * *
You block the ice devil's attack.
Aiming: Random Effects
Press: ? - help, Shift-Dir - straight line, f/p - Frances
Aim: Frances, wielding a +0 mace and wearing a +0 chain mail (almost dead, fast, haloed) Nothing appears to happen.
Frances screams a word of power!
The shard of ice hits you!!!
You die...

#.#.#####..#.##
#...
#.#........#.#
#.#.
#.#.#####.##.#
#.#.
#.........##+#
#.#.
###.#######...
#.## ##.# ....
#.## ##..#
5.... #.#.
##...####355...
..###...
#....>4@@455...
..'.....
##...####55....
####.. ##..#
5.... ###. ##.#
.... #)). #.#
... #)## #.# '#
#.## #.# # #.##
#.# #.## ...
#.##


You could see Frances (fast), an ice devil (summoned), a ynoxinul (summoned), a
chaos spawn (summoned) and 8 ufetubi.

Vanquished Creatures
  2 two-headed ogres
  2 unseen horrors
  Pikel (D:9)
  Maggie (D:7)
  A centaur skeleton (D:11)
  A gargoyle (D:10)
  A troll (D:11)
  A vampire (D:9)
  A wyvern (D:8)
  9 yaks
  Edmund (D:4)
  2 steam dragons (D:7)
  6 water moccasins (D:9)
  Duvessa (D:6)
  8 orc warriors
  2 ice beasts
  6 sky beasts
  A black bear (D:8)
  2 necrophages (D:7)
  4 ogres
  10 centaurs
  4 lemures (D:9)
  A phantom (D:7)
  9 bullfrogs
  Dowan (D:6)
  A wyvern zombie (D:11)
  A scorpion (D:6)
  6 killer bees (D:11)
  8 wights
  4 howler monkeys
  A quasit (D:7)
  A hound (D:11)
  A jelly (D:12)
  7 orc priests
  2 bullfrog skeletons
  2 iguanas (D:8)
  13 orc wizards
  9 worker ants
  4 hound skeletons
  A howler monkey zombie (D:4)
  2 worker ant zombies
  9 adders
  2 shadow imps
  5 white imps
  2 ufetubi
  3 oozes (D:2)
  7 adder skeletons
  5 worms
  2 dart slugs (D:2)
  9 leopard geckos
  56 orcs
  A ball python (D:1)
  6 giant cockroaches
  17 goblins
  10 hobgoblins
  13 jackals
  19 kobolds
  5 quokkas
  9 bats
  3 frilled lizards
  A quokka zombie (D:5)
  10 rats
335 creatures vanquished.

Vanquished Creatures (others)
  16 fungi (D:9)
  14 plants (D:9)
30 creatures vanquished.

Grand Total: 365 creatures vanquished

Notes
Turn   | Place    | Note
-------+----------+-------------------------------------------
     0 | D:5      | porpoise the Minotaur Delver began the quest for the Orb.
     0 | D:5      | Reached XP level 1. HP: 19/19 MP: 0/0
     9 | D:5      | Found a staircase to the Ecumenical Temple.
     9 | D:5      | Noticed an orc priest
    15 | D:5      | Killed an orc priest
    16 | D:5      | Reached skill level 3 in Maces & Flails
    16 | D:5      | Reached XP level 2. HP: 26/28 MP: 1/1
    16 | D:5      | Reached XP level 3. HP: 32/34 MP: 2/2
    22 | Temple   | Entered the Ecumenical Temple
   394 | D:5      | Noticed a sky beast
   933 | D:2      | Reached skill level 4 in Maces & Flails
  1054 | D:1      | Reached XP level 4. HP: 41/41 MP: 3/3
  1111 | D:1      | Reached skill level 5 in Fighting
  2804 | D:3      | Reached XP level 5. HP: 48/48 MP: 4/4
  3349 | D:4      | Reached skill level 5 in Maces & Flails
  3370 | D:4      | Noticed Edmund
  3392 | D:4      | Killed Edmund
  3393 | D:4      | Reached XP level 6. HP: 22/58 MP: 5/5
  3690 | D:4      | Found a white marble altar of Elyvilon.
  3907 | D:4      | Reached skill level 6 in Maces & Flails
  4488 | D:5      | Killed a sky beast
  4489 | D:5      | Reached skill level 7 in Maces & Flails
  4489 | D:5      | Reached XP level 7. HP: 43/66 MP: 6/6
  4943 | D:5      | Reached skill level 1 in Armour
  5495 | D:6      | Noticed Dowan
  5495 | D:6      | Noticed Duvessa
  5509 | D:6      | Killed Duvessa
  5512 | D:6      | Killed Dowan
  5628 | D:6      | Reached skill level 8 in Maces & Flails
  5692 | D:6      | Reached XP level 8. HP: 59/73 MP: 7/7
  5868 | D:6      | Reached skill level 5 in Armour
  6027 | D:6      | Reached skill level 9 in Maces & Flails
  6133 | D:6      | Identified the +5 trident of Evolution {venom, rC+}
  6589 | D:7      | Reached skill level 10 in Maces & Flails
  6810 | D:7      | Reached XP level 9. HP: 71/79 MP: 8/8
  6844 | D:7      | Noticed Maggie
  6864 | D:7      | Killed Maggie
  6865 | D:7      | Reached skill level 11 in Maces & Flails
  7076 | D:7      | Found a glowing golden altar of the Shining One.
  7086 | D:7      | Became a worshipper of the Shining One
  7229 | D:7      | Reached skill level 1 in Invocations
  7453 | D:7      | Reached skill level 12 in Maces & Flails
  7746 | D:8      | Reached skill level 1 in Shields
  7749 | D:8      | Noticed a two-headed ogre
  7932 | D:7      | Killed a two-headed ogre
  8238 | D:8      | Noticed a two-headed ogre
  8251 | D:8      | Killed a two-headed ogre
  8252 | D:8      | Reached skill level 5 in Shields
  8252 | D:8      | Reached XP level 10. HP: 14/86 MP: 11/11
  9283 | D:8      | Reached skill level 13 in Maces & Flails
  9591 | D:9      | Reached * piety under the Shining One
  9659 | D:9      | Found a flagged portal.
  9699 | D:9      | Noticed Pikel
  9711 | D:9      | Killed Pikel
  9736 | Bailey   | Entered a bailey
 10056 | Bailey   | Found the +10 zealot's sword {holy, *Rage rN+ EV+3}
 10057 | Bailey   | Found an iron altar of Okawaru.
 10331 | D:9      | You fall into a shaft and drop 2 floors!
 10433 | D:10     | Entered Level 10 of the Dungeon
 10433 | D:10     | Noticed a gargoyle
 10458 | D:9      | Found a staircase to the Lair.
 10478 | D:9      | Reached skill level 14 in Maces & Flails
 10491 | D:9      | Reached skill level 5 in Dodging
 10975 | D:9      | Reached XP level 11. HP: 92/92 MP: 12/12
 11121 | D:10     | Found Ecvit's Weapon Shoppe.
 11124 | D:10     | Bought a +2 hunting sling of freezing for 220 gold pieces
 11262 | D:10     | Found a runed translucent gate.
 11263 | D:10     | Found a runed translucent gate.
 11263 | D:10     | Found a runed translucent gate.
 11264 | D:10     | Reached ** piety under the Shining One
 11267 | D:10     | Noticed coolguy69's ghost (journeyman HOFi)
 11507 | D:10     | Noticed an unseen horror
 11521 | D:10     | Killed an unseen horror
 11528 | D:10     | Learned a level 2 spell: Blink
 12655 | D:11     | Found Kaaloty's Antique Weapon Boutique.
 12759 | D:11     | Noticed an unseen horror
 12768 | D:11     | Killed an unseen horror
 12769 | D:11     | Reached skill level 5 in Invocations
 12937 | D:11     | Bought a runed flail for 143 gold pieces
 13528 | D:12     | Found a staircase to the Orcish Mines.
 13536 | D:12     | Reached *** piety under the Shining One
 14123 | D:12     | Noticed Frances
 14157 | D:12     | Killed from afar by Frances

Illustrated notes

Levels and vault maps discovered:
D:1:      nagdon_arrival_double_spiral, layout_basic
D:2:      layout_basic
D:3:      kennysheep_the_goblin_king, layout_basic
D:4:      layout_gridville, elyvilon_altar_4, uniq_edmund
D:5:      layout_basic, minmay_temple_entry_proselytizer
D:6:      layout_loops_ring, uniq_duvessa
D:7:      cheibrodos_steamvent, layout_cave_pools,
          nicolae_overflow_crystal_walls, minmay_alternating_orb, uniq_maggie
D:8:      layout_rooms
D:9:      layout_roguey, due_lair_maze_entry_diamond, enter_bailey_5, uniq_pikel
D:10:     layout_loops_corners, gammafunk_ghost_spectres, serial_shops,
          kennysheep_mini, bh_walls_and_bars
D:11:     layout_long_grid, serial_shops, nicolae_shop_overgrown_old_shop
D:12:     layout_loops_corners, hiddenorc2_lemuel, uniq_frances
Temple:   compressed_dpeg_triangle_lava_temple

Skill      XL: |  1  2  3  4  5  6  7  8  9 10 11 |
---------------+----------------------------------+-----
Fighting       | 4 5 6 7 |  7.0
Maces & Flails | 3 4 5 7 8 10 12 14 | 14.0
Armour         | 4 7 |  7.0
Invocations    | 3 6 |  6.4
Shields        | 5 7 |  7.0
Evocations     | 2 3 |  3.0
Dodging        | 5 8 |  8.6
Stealth        | |  4.1

Action                   |  1- 3 |  4- 6 |  7- 9 | 10-12 || total
-------------------------+-------+-------+-------+-------++-------
Melee: Mace              |    65 |    69 |       |       ||   134
       Headbutt          |     7 |    28 |    29 |    53 ||   117
       Whip              |       |    31 |       |       ||    31
       Dire flail        |       |    30 |   176 |       ||   206
       Morningstar       |       |       |    44 |   328 ||   372
 Fire: Hunting sling     |       |   103 |    93 |   185 ||   381
Throw: Dart              |       |     6 |       |     4 ||    10
Invok: Divine Shield     |       |       |       |     1 ||     1
Evoke: Wand              |       |       |     1 |     9 ||    10
       Lightning rod     |       |       |       |     5 ||     5
  Use: Scroll            |       |     8 |     1 |     7 ||    16
       Potion            |       |       |     3 |     7 ||    10
Armor: Chain mail        |    45 |    66 |   113 |   130 ||   354
Dodge: Dodged            |    28 |    43 |    75 |   136 ||   282
Block: Kite shield       |       |       |    27 |   212 ||   239

Table legend: (Time is in decaauts)
 A = Elapsed time spent in this place.
 B = Non-inter-level travel time spent in this place.
 C = Inter-level travel time spent in this place.
 D = Time resting spent in this place.
 E = Time spent auto-exploring this place.
 F = Levels seen in this place.
 G = Mean time per level.
                   A        B        C        D        E       F      G
               +--------+--------+--------+--------+--------+-----+--------+
         Total |  14144 |  13739 |    405 |   3380 |   7115 |  14 | 1010.3 |
       Dungeon |  13384 |  12993 |    391 |   3201 |   6816 |  12 | 1115.3 |
        Temple |    334 |    320 |     14 |     10 |    299 |   1 |  334.0 |
        Bailey |    424 |    424 |      0 |    169 |      0 |   1 |  424.0 |
               +--------+--------+--------+--------+--------+-----+--------+

Top non-repeatable levels by time:
     D:7: 1891 daAuts
    D:10: 1238 daAuts
    D:11: 1204 daAuts
     D:9: 1143 daAuts
     D:4: 1084 daAuts
     D:8: 1056 daAuts
     D:5: 1056 daAuts
     D:6: 1033 daAuts
     D:2: 1021 daAuts
     D:1: 972 daAuts
     D:3: 959 daAuts
    D:12: 721 daAuts
  Bailey: 424 daAuts
  Temple: 334 daAuts
